[Event "GCT Superbet Blitz Poland 2025"]
[Site "Warsaw"]
[Date "2025.04.28"]
[Round "1"]
[White "Deac, Bogdan-Daniel"]
[Black "Praggnanandhaa R"]
[Result "1-0"]
[ECO "E11"]
[WhiteElo "2668"]
[BlackElo "2758"]
[Annotator "TA"]
[PlyCount "107"]
[EventDate "2025.??.??"]
[EventType "blitz"]
[TimeControl "300+2"]

1. d4 Nf6 2. Nf3 e6 3. c4 Bb4+ 4. Nbd2 O-O 5. g3 d6 6. Bg2 Qe7 7. O-O {[%emt 0:00:10] E11: Bogo-Indian.} Bxd2 8. Qxd2 ({RR} 8. Bxd2 e5 9. Rc1 Re8 10. Qa4 Nbd7 11. Qa3 Ne4 12. Be3 exd4 13. Bxd4 Ndf6 14. b3 Bd7 15. Rfd1 a6 16. Qb2 Rad8 17. Rd3 c5 18. Bxf6 Nxf6 19. Rcd1 Bf5 20. Re3 Qc7 21. Rxe8+ Rxe8 22. Nh4 Be6 {Gupta,A (2603)-Demidov,M (2552) Chess.com INT 2020 ½-½ (91)}) 8... e5 9. dxe5 {[%emt 0:00:16] White is slightly better.} ({RR} 9. d5 Nbd7 10. Ne1 a5 11. e4 Nc5 12. f3 c6 13. Nd3 Nxd3 14. Qxd3 cxd5 15. exd5 Nd7 16. Be3 f5 17. b3 f4 18. gxf4 exf4 19. Bd4 Ne5 20. Qc3 Ng6 21. Rae1 Qg5 22. Kh1 Bf5 23. Rg1 Rf7 {Barria Zuniga,D (2341)-Masruri,R (2327) chess.com INT 2025 0-1 (32)}) 9... dxe5 10. Qc3 $146 ({RR} 10. b4 Nc6 11. b5 Rd8 12. Qe3 Ng4 13. Qb3 Nd4 14. Nxd4 exd4 15. Ba3 Qf6 16. h3 Ne5 17. f4 Nd7 18. c5 a6 19. c6 bxc6 20. bxc6 Nb6 21. Rad1 Be6 22. Qc2 Nd5 23. Bxd5 Bxd5 24. Bb2 Bxc6 {Dev,S (2248)-Milanovic,S (2296) Pozarevac 2022 ½-½}) ({RR} 10. b3 Nc6 11. Bb2 Rd8 12. Qc3 Ne4 13. Qc2 Ng5 14. Rad1 Nxf3+ 15. Bxf3 Bh3 16. Rfe1 h6 17. a3 Rab8 18. b4 Nd4 19. Bxd4 exd4 20. c5 b6 21. c6 a5 22. Qb2 axb4 23. axb4 Qf6 24. Rd2 Rd6 {Vasilevich,T (2360)-Vasilevich,I (2258) Sochi 2018 1-0 (50)}) ({RR} 10. b4 Rd8 11. Qc3 Nc6 12. b5 Nd4 13. Nxd4 exd4 14. Qd3 Bg4 15. Re1 c5 16. bxc6 bxc6 17. Bb2 Qe8 18. h3 Bh5 19. Bxd4 c5 20. Bxf6 Rxd3 21. exd3 Qc8 22. Bxa8 Qxa8 23. Re5 Be2 24. Rxe2 gxf6 {Deac,B (2625)-Stoleriu,G (2349) Iasi 2021 1-0 (41)}) 10... Nc6 11. Rd1 $5 {[%emt 0:00:18][%mdl 4] A promising side line.} h6 12. Be3 Re8 13. Nd2 e4 $146 (13... Ng4 $11) (13... Nd4 14. Bxd4 exd4 15. Qxd4 Qxe2 16. Nf1 c6 17. Ne3 Qh5 18. Re1 Be6 19. b3 Red8 {0-1 Timoscenko,G (2513)-Epishin,V (2599) Valle d'Aosta op 10th 2002 (6)}) 14. Nb3 {[%emt 0:00:26] White is more active.} Bg4 15. Rd2 Rad8 16. Nd4 Ne5 17. Re1 Bc8 18. Red1 Neg4 19. Nc2 Nxe3 20. Nxe3 Be6 21. Qc2 Rxd2 22. Rxd2 Qb4 23. a3 Qa5 24. Rd1 Qe5 25. h3 h5 26. Qb3 Rb8 27. Qc2 g6 28. b4 a5 29. Qd2 axb4 30. axb4 Ra8 31. b5 Kg7 32. Qd4 Qxd4 33. Rxd4 Ra1+ 34. Kh2 Ra2 35. Bxe4 Nxe4 36. Rxe4 Rxe2 $2 {[%emt 0:00:01][%mdl 8192] [#] White now steadily converts the win.} (36... c6 $11 {and Black has nothing to worry.}) 37. Nf5+ $1 $18 gxf5 (37... Bxf5 38. Rxe2) 38. Rxe2 Bxc4 {[%emt 0:00:01][%mdl 4096] Endgame KR-KB} 39. Re5 Bd3 (39... c6 {was called for.} 40. b6 (40. Rxf5 cxb5 41. Rxh5 b4 $18) 40... Kf6) 40. Rc5 Kg6 41. Rxc7 Bxb5 42. Rxb7 Bd3 43. Rb6+ f6 44. Rb4 Be4 45. h4 Kf7 46. Kg1 Ke6 47. Kf1 Ke5 48. Ke2 f4 49. Rb5+ Bd5 50. gxf4+ (50. g4 $142 Ke6 51. Rb6+ (51. gxh5 $2 Bc4+ 52. Kf3 Bxb5 $19) 51... Kf7 52. gxh5 Bg2 53. h6 Kg6 54. h7 Kxh7 55. Rxf6) 50... Kd4 51. Ra5 {[%emt 0:00:03] White mates.} Be6 52. f3 (52. Rxh5 $2 {is the wrong capture.} Bg4+ 53. Kd2 Bxh5 $19) 52... Bd5 53. Kf2 Bf7 54. Rf5 {[%emt 0:00:02] Weighted Error Value: White=0.16 (very precise) /Black=0.69 Loses game: 	--- 	Black=1 Mistake: 	--- 	Black=2 Inaccurate: 	White=3 	Black=3 OK: 	White=15 	Black=12 Best: 	White=2 	--- Brilliant: 	White=1 	---} 1-0

[Event "GCT Superbet Blitz Poland 2025"]
[Site "Warsaw"]
[Date "2025.04.28"]
[Round "1"]
[White "Gavrilescu, David"]
[Black "Aravindh, Chithambaram VR."]
[Result "1/2-1/2"]
[ECO "B51"]
[WhiteElo "2554"]
[BlackElo "2749"]
[Annotator "RC"]
[PlyCount "103"]
[EventDate "2025.??.??"]
[EventType "blitz"]
[TimeControl "300+2"]

1. e4 c5 2. Nf3 d6 3. Bb5+ Nc6 4. O-O Bd7 5. Re1 Nf6 6. c3 a6 7. Bf1 Bg4 8. h3 Bxf3 9. Qxf3 g6 10. Qd1 e5 11. Na3 Bg7 12. Nc2 O-O 13. d4 cxd4 14. cxd4 exd4 15. Nxd4 Nxd4 16. Qxd4 Re8 17. Qb4 d5 18. exd5 Rxe1 19. Qxe1 Nxd5 20. Bc4 $146 ({RR} 20. Qd1 Rc8 21. a3 Qd6 22. Rb1 Qe6 23. Qe2 Qb6 24. Qe4 Qd4 25. Qxd4 Bxd4 26. Bd3 f5 27. Bd2 Kf7 28. Rc1 Rxc1+ 29. Bxc1 Kf6 30. Kf1 Ke5 31. g3 Nf6 32. Bc4 Ne4 33. f4+ Kd6 34. Kg2 b5 {Minsky,A (2268)-Savitskiy,S (2333) Moscow 2015 ½-½ (53)}) 20... b5 21. Bb3 a5 22. a4 bxa4 23. Bxd5 Qxd5 24. Rxa4 h5 25. Bd2 Qb3 26. Rxa5 Rd8 27. Ra1 Qxb2 28. Bg5 Rf8 29. Rb1 Qc2 30. h4 Qf5 31. Rb3 Ra8 32. Rb1 Bd4 33. Rd1 Bc5 34. Qe2 Bf8 35. g3 Qc8 36. Re1 Qd7 37. Qf3 Re8 38. Rxe8 Qxe8 39. Kg2 Bg7 40. Be3 Qe6 41. Qb7 Qf5 42. Qc6 Qe6 43. Qxe6 fxe6 44. Kf3 Kf7 45. Ke4 Bf8 46. Bf4 Bc5 47. f3 Bf2 48. Be5 Be1 49. Kd3 Bf2 50. Ke4 Be1 51. Kd3 Bf2 52. Ke4 1/2-1/2

[Event "GCT Superbet Blitz Poland 2025"]
[Site "Warsaw"]
[Date "2025.04.29"]
[Round "2"]
[White "Praggnanandhaa R"]
[Black "Aronian, Levon"]
[Result "0-1"]
[ECO "D00"]
[WhiteElo "2758"]
[BlackElo "2747"]
[Annotator "TA"]
[PlyCount "92"]
[EventDate "2025.??.??"]
[EventType "blitz"]
[TimeControl "300+2"]

1. d4 d5 2. c3 Nf6 3. Bf4 Nh5 4. Bg5 h6 5. Bh4 g5 6. e3 $1 {[%emt 0:00:10] D00: 1 d4 d5: Unusual lines.} Nf6 7. Bg3 Bf5 $146 (7... Bg7 8. Bd3 O-O 9. Nd2 Nbd7 10. Ngf3 c5 11. h4 g4 12. Ne5 cxd4 13. exd4 Re8 {1-0 Have,D (1964)-Jean,R (1851) Montreal Mercredi 02 2017 (1)}) ({RR} 7... Ne4 8. Be5 Rg8 9. f3 Nd6 10. Bd3 f6 11. Bg3 Nf5 12. Bxf5 Bxf5 13. Qb3 b6 14. Nd2 Nc6 15. e4 Be6 16. Ne2 Na5 17. Qa4+ Bd7 18. Qc2 Bb5 19. e5 Qd7 20. Qh7 Qe6 21. a4 Bxe2 22. Kxe2 {Schindler,G (1851)-Stanivukovic,D (2036) Vienna 2011 0-1}) ({RR} 7... Bg7 8. Bd3 O-O 9. Nd2 Nbd7 10. Ngf3 c5 11. h4 g4 12. Ne5 cxd4 13. exd4 Re8 14. h5 Nf8 15. f3 Qb6 16. Rb1 gxf3 17. gxf3 N6d7 18. f4 Qe6 19. Qf3 Nxe5 20. dxe5 Qg4 21. Qf2 f6 22. f5 {Have,D (1964)-Jean,R (1851) Montreal 2017 1-0 (34)}) 8. Qb3 {[%emt 0:00:01] White is slightly better.} b6 9. Nf3 Ne4 (9... Bg7 $14) 10. c4 Nxg3 11. hxg3 e6 12. Nc3 c6 13. cxd5 exd5 {[%emt 0:00:01] [#]} 14. Ne5 (14. e4 $1 $16 ) 14... Bg7 $14 15. Bd3 Bxd3 16. Nxd3 Nd7 17. Rc1 O-O 18. O-O Re8 19. Ne2 Re6 20. g4 Nf6 21. Ne5 {[%emt 0:00:01] [#]} c5 22. Ng3 (22. Qd3 Ne4) 22... Ne4 23. Nxe4 dxe4 24. Rfd1 (24. f4 $11 exf3 (24... cxd4 $2 25. Nxf7 Kxf7 26. f5 $18) 25. Rxf3 Bxe5 (25... cxd4 $2 26. Nxf7 Qe7 27. Rc7 $18) 26. dxe5) 24... Bxe5 (24... Qe8 $15) 25. dxe5 $11 Qe7 26. Qd5 Re8 27. Qxe4 Rxe5 28. Qa4 Re4 29. Qc6 (29. Rc4 $11 {might be stronger.}) 29... Re6 (29... Qe6 $1 $15 30. Rd6 Qxa2) 30. Qd7 Kg7 31. Rc3 Re4 32. Ra3 a5 33. Qf5 (33. Rb3 $11) 33... Rb4 (33... Qe6 $17 34. Rd7 Qxf5 35. gxf5 Rb4) 34. Rd2 Qe6 (34... Rd8 $15 35. Rxd8 Qxd8) 35. Rad3 (35. Qxe6 $11 Rxe6 36. f3) 35... Rxg4 $17 36. Qxe6 Rxe6 {[%emt 0:00:01][%mdl 4096] Endgame KRR-KRR. Black is a pawn up.} 37. b3 a4 38. f3 Rb4 39. Kf2 axb3 40. axb3 g4 {[%emt 0:00:04] Black is more active.} ({Better is} 40... Re7 $17 41. Ra2 h5) 41. Ra2 h5 42. Ra7 (42. Kg3 $17 {is a better defense.}) 42... h4 $19 {[%emt 0:00:01] and ...c4 would now be decisive} 43. e4 c4 44. bxc4 {[%emt 0:00:03] [#]} Rb2+ $1 ({Not} 44... Rxc4 45. Rdd7 Rf6 46. e5 $11) 45. Kf1 $2 (45. Ke3 Rxg2 46. Rdd7) 45... h3 46. fxg4 h2 {[%emt 0:00:03] Weighted Error Value: White=0.49/Black=0.13 (very precise) Mistake: 	White=7 	Black=6 Inaccurate: 	White=3 	Black=1 OK: 	White=8 	Black=13 Best: 	--- 	Black=5 Strong: 	--- 	Black=1} (46... Rxg2 47. Rxh3 Rxg4 48. Rf3 $11) 0-1

[Event "GCT Superbet Blitz Poland 2025"]
[Site "Warsaw"]
[Date "2025.04.29"]
[Round "2"]
[White "Aravindh, Chithambaram VR."]
[Black "Fedoseev, Vladimir"]
[Result "0-1"]
[ECO "C42"]
[WhiteElo "2749"]
[BlackElo "2739"]
[Annotator "RC"]
[PlyCount "108"]
[EventDate "2025.??.??"]
[EventType "blitz"]
[TimeControl "300+2"]

1. e4 e5 2. Nf3 Nf6 3. Nxe5 d6 4. Nf3 Nxe4 5. Bd3 Nf6 6. O-O Be7 7. Re1 O-O 8. Bf1 d5 ({RR} 8... Re8 9. d4 Nbd7 10. c4 Nf8 11. Nc3 Ng6 12. h3 c6 13. d5 cxd5 14. Nxd5 Nxd5 15. Qxd5 Bf6 16. Bg5 Be6 17. Bxf6 Qxf6 18. Qxb7 Nf4 19. Rad1 Rab8 20. Qc6 Rec8 21. Qxd6 Rxb2 22. Re4 Ng6 23. Qa3 {Grischuk,A (2766)-Giri,A (2782) Leuven 2018 ½-½ (59)}) 9. d4 c5 ({RR} 9... Nc6 10. Ne5 Nxe5 11. dxe5 Ne4 12. Be3 Bf5 13. Bd3 Bg6 14. Nd2 Re8 15. Nxe4 dxe4 16. Bc4 Bf8 17. Bf4 c6 18. Qe2 Qb6 19. c3 Rad8 20. h4 h5 21. b4 Be7 22. Bg3 a5 23. a3 Kh7 24. Kh2 {Agmanov,Z (2469)-Radeva,V (2303) Prague CZE 2025 1-0 (58)}) 10. Bg5 h6 $146 ({RR} 10... Be6 11. dxc5 Bxc5 12. Nc3 Nbd7 13. Qd2 h6 14. Bh4 Bb4 15. a3 Bxc3 16. Qxc3 Rc8 17. Qb4 Nc5 18. Rad1 g5 19. Nxg5 hxg5 20. Bxg5 Kg7 21. Re3 Rh8 22. Qf4 Nh5 23. Qd4+ f6 24. Bh4 Kf7 25. b4 {Ramoutar,A (2443)-Siddharth,J (2343) Arandjelovac 2022 0-1 (38)}) ({RR} 10... Be6 11. dxc5 Bxc5 12. Nc3 Nbd7 13. Qd2 h6 14. Bh4 Bb4 15. a3 Bxc3 16. Qxc3 Rc8 17. Qb4 Nc5 18. Rad1 g5 19. Nxg5 hxg5 20. Bxg5 Kg7 21. Re3 Rh8 22. Qf4 Nh5 23. Qd4+ f6 24. Bh4 Kf7 25. b4 {Ramoutar,A (2443)-Siddharth,J (2343) Arandjelovac 2022 0-1 (38)}) 11. Bh4 Nc6 12. Nc3 Be6 13. a3 c4 14. Ne5 Re8 15. b3 cxb3 16. Nxc6 bxc6 17. cxb3 c5 18. Na4 cxd4 19. Qxd4 Qa5 20. Qd1 Bd7 21. Nb2 Qb6 22. Nd3 a5 23. b4 axb4 24. axb4 Rxa1 25. Qxa1 g5 26. Bg3 Ne4 27. Qa5 Qb7 28. Rc1 Bd8 29. Qa1 Bf5 30. Qa4 Bd7 31. Qa2 Be6 32. Nc5 Qxb4 33. Nxe6 fxe6 34. Qa8 Qe7 35. Rc8 Nxg3 36. hxg3 Kf7 37. Qa4 Bc7 38. Rxe8 Qxe8 39. Qc2 Be5 40. Be2 Kg7 41. Qc5 Qd7 42. Bd3 Qc7 43. Qb5 Bd4 44. Qb1 Qxg3 45. Qe1 Qxd3 46. Qxe6 Qb1+ 47. Kh2 Qe4 48. Qd7+ Kf6 49. Qd8+ Qe7 50. Qh8+ Kf5 51. g4+ Ke4 52. Qxh6 Bxf2 53. Qg6+ Kd4 54. Kg2 Qe4+ 0-1

[Event "GCT Superbet Blitz Poland 2025"]
[Site "Warsaw"]
[Date "2025.04.29"]
[Round "2"]
[White "Duda, Jan-Krzysztof"]
[Black "Vachier-Lagrave, Maxime"]
[Result "1-0"]
[ECO "D02"]
[WhiteElo "2739"]
[BlackElo "2722"]
[Annotator "RC"]
[PlyCount "85"]
[EventDate "2025.??.??"]
[EventType "blitz"]
[TimeControl "300+2"]

1. Nf3 d5 2. d4 Nf6 3. Bf4 c5 4. e3 Nc6 5. c3 Qb6 6. Qc2 e6 7. Nbd2 Bd7 8. Bd3 Rc8 9. Qb1 Ne7 ({RR} 9... Nh5 10. Be5 cxd4 11. exd4 Nxe5 12. Nxe5 Nf4 13. O-O Nxd3 14. Qxd3 Bb5 15. Qf3 Qc7 16. Rfe1 Bd6 17. Qh3 O-O 18. Re3 Rce8 19. a4 Ba6 20. Rae1 b6 21. Qh4 f6 22. Nef3 e5 23. dxe5 fxe5 24. Qg5 {Le Tuan Minh (2542)-Volkov,S (2453) chess.com INT 2023 0-1 (77)}) ({RR} 9... h6 10. O-O Be7 11. h3 O-O 12. Rd1 a6 13. a4 Rfd8 14. a5 Qa7 15. Ne5 Be8 16. Ndf3 Nxe5 17. Nxe5 Bb5 18. Bc2 Bd6 19. Qc1 Qb8 20. Qd2 Ne4 21. Qe1 g5 22. Bh2 f6 23. Nf3 Bxh2+ 24. Nxh2 {Le Tuan Minh (2598)-Novosel,L (2353) chess.com INT 2025 1-0 (42)}) 10. a4 Ng6 11. a5 Qd8 12. Bg3 $146 ({RR} 12. Bg5 Bd6 13. O-O cxd4 14. cxd4 Bb4 15. Nb3 O-O 16. Ne5 Bc6 17. f4 Be7 18. Bxf6 Bxf6 19. Qd1 Qe8 20. Qe2 a6 21. Rac1 Bxe5 22. fxe5 Qe7 23. Nc5 Qd8 24. b4 Qc7 25. Rf3 f6 26. Rh3 f5 {Mitura,V (2235)-Szymanski,M (2335) Karvina 2000 1-0 (33)}) 12... Nh5 13. Qd1 Nxg3 14. hxg3 Bd6 15. Nh4 Nxh4 16. Rxh4 g6 17. Nf3 f5 18. Ne5 Bxe5 19. dxe5 O-O 20. f4 d4 21. Bc4 dxc3 22. bxc3 Qe7 23. Qb3 Rb8 24. Rd1 Rfe8 25. Rd6 Kg7 26. Kf2 Bc8 27. Rh1 Qc7 28. Qb5 Re7 29. Rhd1 b6 30. a6 h5 31. Kg1 Kh7 32. Kh2 Rg7 33. R1d2 Qe7 34. Qc6 g5 35. Rd8 gxf4 36. exf4 h4 37. g4 Bxa6 38. Rxb8 Bxc4 39. g5 Kg6 40. Rdd8 Kh5 41. Rh8+ Kg6 42. Rh6+ Kf7 43. Rf6+ 1-0

[Event "GCT Superbet Blitz Poland 2025"]
[Site "Warsaw"]
[Date "2025.04.29"]
[Round "2"]
[White "Topalov, Veselin"]
[Black "Firouzja, Alireza"]
[Result "1-0"]
[ECO "A20"]
[WhiteElo "2717"]
[BlackElo "2757"]
[Annotator "TA"]
[PlyCount "109"]
[EventDate "2025.??.??"]
[EventType "blitz"]
[TimeControl "300+2"]

1. c4 e5 2. d3 Bb4+ 3. Bd2 c5 ({RR} 3... Bxd2+ 4. Qxd2 Nf6 5. Nf3 Qe7 6. Nc3 O-O 7. e4 d6 8. h3 c5 9. g3 Nc6 10. Bg2 h6 11. O-O a6 12. Ne1 Rb8 13. Nc2 b5 14. b3 b4 15. Nd5 Nxd5 16. cxd5 Na7 17. f4 Nb5 18. f5 {Erigaisi,A (2718)-Caruana,F (2766) chess.com INT 2022 0-1}) ({RR} 3... Bxd2+ 4. Qxd2 d6 5. Nc3 Nf6 6. Nf3 O-O 7. e3 b6 8. g3 Bb7 9. Bg2 Nbd7 10. O-O Rb8 11. e4 c6 12. a4 d5 {½-½ (12) Iturrizaga Bonelli,E (2585)-Delchev,A (2455) Darfo Boario Terme ITA 2025}) 4. g3 $146 (4. Nf3 Nc6 5. g3 Bxd2+ 6. Qxd2 d6 7. Bg2 Nge7 8. O-O O-O 9. Nc3 h6 10. a3 a5 {1-0 Giri,A (2754)-Ivic,V (2570) Wch Rapid Samarkand 2023 (4)}) ({RR} 4. Nf3 Nc6 5. g3 Bxd2+ 6. Qxd2 d6 7. Bg2 Nge7 8. O-O O-O 9. Nc3 h6 10. a3 a5 11. Qd1 f5 12. Nd2 Kh8 13. e3 Be6 14. Nd5 Bg8 15. Nxe7 Nxe7 16. Rb1 d5 17. Qc2 Nc6 18. cxd5 Bxd5 {Giri,A (2754)-Ivic,V (2570) Samarkand UZB 2023 1-0 (71)}) ({RR} 4. Nf3 Nc6 5. g3 Bxd2+ 6. Qxd2 d6 7. Bg2 Nge7 8. O-O O-O 9. Nc3 h6 10. a3 a5 11. Qd1 f5 12. Nd2 Kh8 13. e3 Be6 14. Nd5 Bg8 15. Nxe7 Nxe7 16. Rb1 d5 17. Qc2 Nc6 18. cxd5 Bxd5 {Giri,A (2754)-Ivic,V (2570) Samarkand UZB 2023 1-0 (71)}) ({RR} 4. Nf3 Nc6 5. g3 Bxd2+ 6. Qxd2 d6 7. Bg2 Nge7 8. O-O O-O 9. Nc3 h6 10. a3 a5 11. Qd1 f5 12. Nd2 Kh8 13. e3 Be6 14. Nd5 Bg8 15. Nxe7 Nxe7 16. Rb1 d5 17. Qc2 Nc6 18. cxd5 Bxd5 {Giri,A (2754)-Ivic,V (2570) Samarkand UZB 2023 1-0 (71)}) 4... Nc6 5. Bg2 Nge7 6. Nf3 {[%emt 0:00:04] A20: English Opening: 1...e5.} O-O 7. Nc3 d6 8. O-O {[%emt 0:00:06] The position is equal.} h6 9. a3 Ba5 10. Rb1 Be6 11. Qa4 Bxc3 12. Bxc3 a5 13. e3 Qd7 14. Qd1 a4 15. Re1 Bh3 16. Bxh3 Qxh3 17. d4 e4 18. Nh4 Ng6 19. Ng2 Nd8 (19... Rfd8 $11 {remains equal.}) 20. Nf4 $16 Qf5 21. dxc5 Ne5 (21... dxc5 22. Qd5 Qxd5 23. cxd5 (23. Nxd5 Ne6 $16) 23... Ra6) 22. Bxe5 (22. Qxd6 $6 Nf3+ 23. Kg2 Nxe1+ 24. Rxe1 Ne6 $11) (22. cxd6 $16 {Strongly threatening Bxe5.} Nf3+ 23. Kf1) 22... dxe5 $14 23. Nd5 {[%emt 0:00:01] [#]} Kh8 24. Nb6 Ra5 (24... Ra6 $142) 25. Qd6 {[%emt 0:00:03] White is more active.} (25. Qd2 $16 Ra6 26. Qd7) 25... Ne6 $11 26. Nd7 (26. c6 $11 bxc6 27. h4 (27. Qxc6 Ng5 $15)) 26... Rd8 $1 $15 27. Qxe5 $2 {[%emt 0:00:02] [#]} (27. h4 $1 $15) 27... Rxc5 $2 ({Black should try} 27... Qh3 $1 $19 {Hoping for ...Ng5.} 28. Qxe4 Rxd7) 28. Qxf5 $16 Rxf5 29. Red1 $36 {[%emt 0:00:01][%mdl 2048] Black is under strong pressure.} Ng5 30. Kg2 {[%emt 0:00:01] Repels Nh3} Nf3 31. c5 (31. Nb6 $18 Nd2 32. Rbc1 (32. Nxa4 Rd3 $18)) 31... Rc8 (31... Ne1+ $16 32. Rxe1 Rxd7) 32. Rbc1 $18 Rc7 33. Rc4 Ng5 (33... Ne5 34. Nxe5 (34. Rxa4 $2 Nxd7 35. b4 Ne5 $17) 34... Rxe5) 34. h4 Ne6 35. Rxe4 Kh7 36. Rxa4 g5 37. hxg5 Rxg5 38. Nf6+ Kg6 39. Ne4 Rh5 (39... Nxc5 40. Rc4 b5) 40. g4 Re5 41. f4 Nxc5 42. Rd6+ Kg7 43. Nxc5 Rexc5 {[%emt 0:00:01][%mdl 4096] Endgame KRR-KRR. White is two pawns up.} 44. Kf3 Rc1 45. Rb4 Rf1+ 46. Ke2 Rg1 47. Rd2 (47. Rdb6 $18 {has better winning chances.}) 47... Rxg4 48. Kf3 {[%emt 0:00:02] Wards off Rg2} h5 (48... Rh4 $16 49. Rg2+ Kf8) 49. Rb5 ({White should play} 49. Rh2 $18) 49... Kg6 (49... Rh4 $16 50. Rg2+ Kf8) 50. Rh2 f5 $2 (50... Rg1 {was called for.} 51. Rhxh5 Rf1+ 52. Ke2 Rb1 53. Rhg5+ Kh7) 51. Rb6+ Kg7 (51... Rc6 $142 52. Rxc6+ (52. Rxb7 h4 $18) 52... bxc6) 52. Rxh5 {[%emt 0:00:01] White is clearly winning.} Rg1 53. Rxf5 Rf1+ 54. Ke2 Rh1 55. Rfb5 {[%emt 0:00:00] Weighted Error Value: White=0.41/Black=0.58 Loses game: 	White=1 	--- Missed win: 	--- 	Black=1 Mistake: 	White=6 	Black=10 Inaccurate: 	White=2 	Black=3 OK: 	White=22 	Black=11 Best: 	White=1 	Black=4 Strong: 	--- 	Black=1} 1-0

[Event "GCT Superbet Blitz Poland 2025"]
[Site "Warsaw"]
[Date "2025.04.29"]
[Round "2"]
[White "Gavrilescu, David"]
[Black "Deac, Bogdan-Daniel"]
[Result "1/2-1/2"]
[ECO "C47"]
[WhiteElo "2554"]
[BlackElo "2668"]
[Annotator "RC"]
[PlyCount "76"]
[EventDate "2025.??.??"]
[EventType "blitz"]
[TimeControl "300+2"]

1. e4 e5 2. Nf3 Nc6 3. Nc3 Nf6 4. d4 exd4 5. Nxd4 Bb4 6. Nxc6 bxc6 7. Bd3 O-O 8. O-O d5 9. exd5 Bg4 10. f3 Bh5 11. Bg5 Bxc3 ({RR} 11... Qd6 12. Kh1 Bxc3 13. bxc3 cxd5 {½-½ (13) Azoulay,Y (2210)-Kaliszuk,K (2128) Krakow POL 2025}) ({RR} 11... cxd5 12. Bxf6 Qxf6 13. Nxd5 Qxb2 14. Rb1 Bc5+ 15. Kh1 Qe5 16. f4 Bxd1 17. fxe5 Bg4 18. Nxc7 Rac8 19. Nb5 Be6 20. a4 Rfd8 21. Rfd1 g6 22. Be4 Rxd1+ 23. Rxd1 Bb6 24. Bd3 Rc5 25. Re1 Ba5 26. Re2 {Indjic,A (2618)-Deac,B (2700) chess.com INT 2023 1-0 (60)}) 12. bxc3 cxd5 13. c4 ({RR} 13. Qd2 Qd6 14. Kh1 Bg6 15. Rad1 Rfe8 16. c4 Bxd3 17. Qxd3 dxc4 18. Qxc4 Qe6 19. Rd4 h6 20. Qxe6 Rxe6 21. Bxf6 Rxf6 22. Rc4 c6 23. h3 Rd8 24. Rf2 Re6 {½-½ (24) Kovalev,V (2623)-Nakamura,H (2750) Chess.com INT 2022}) 13... Bg6 $146 ({RR} 13... dxc4 14. Bxc4 Qe7 15. Qd4 Rfd8 16. Qf2 Qe5 17. Be3 Qc3 18. Bb3 a5 19. a4 Rd7 20. Rad1 Rad8 21. Rxd7 Rxd7 22. Qe1 Qxe1 23. Rxe1 h6 24. Re2 Bg6 25. Bd2 c5 26. Bxa5 c4 27. Bxc4 Ra7 28. Be1 {Karpatchev,A (2469)-Winterberg,L (2372) Lueneburg 2018 ½-½ (114)}) ({RR} 13... c6 14. cxd5 cxd5 15. Rb1 Qd6 16. Qd2 Rac8 17. Rb5 Bg6 18. Qa5 Rfd8 19. Rfb1 Qe5 20. Bxf6 Qe3+ 21. Kh1 gxf6 22. Rxd5 Rxd5 23. Qxd5 Bxd3 24. Qxd3 Qxd3 25. cxd3 Rc2 26. Ra1 Rd2 27. h3 Rxd3 28. a4 {Cubas,J (2417)-Duarte Napoles,F (2203) Osasco BRA 2024 1-0 (67)}) ({RR} 13... c6 14. cxd5 cxd5 15. Qd2 h6 16. Bh4 Qb6+ 17. Bf2 Qc6 18. Bd4 Bg6 19. Bxf6 Qxf6 20. Bxg6 Qxg6 21. Qxd5 Qxc2 22. Rac1 Qb2 23. Rb1 Qa3 24. Rfd1 Rab8 25. h4 Qe3+ 26. Kh2 Qf4+ 27. g3 Qe3 28. Kh3 {Hovhannisyan,R (2607)-Morefield,J (2226) chess.com INT 2023 1-0 (86)}) 14. Bxg6 hxg6 15. Bxf6 Qxf6 16. cxd5 Qc3 17. Rf2 Rfd8 18. Rd2 Rd6 19. Rb1 Rad8 20. h3 Qc5+ 21. Kh1 Rxd5 22. Rxd5 Qxd5 23. Qxd5 Rxd5 24. Rb8+ Kh7 25. Rb7 Rc5 26. Rxa7 Rxc2 27. a4 f6 28. a5 Ra2 29. Rxc7 Rxa5 30. Kh2 g5 31. Rb7 Rc5 32. Ra7 Rb5 33. Rc7 Ra5 34. Rb7 Rc5 35. Ra7 Rb5 36. Rc7 Ra5 37. Rb7 Rc5 38. Ra7 Rb5 1/2-1/2

[Event "GCT Superbet Blitz Poland 2025"]
[Site "Warsaw"]
[Date "2025.04.29"]
[Round "3"]
[White "Firouzja, Alireza"]
[Black "Praggnanandhaa R"]
[Result "0-1"]
[ECO "E29"]
[WhiteElo "2757"]
[BlackElo "2758"]
[Annotator "TA"]
[PlyCount "62"]
[EventDate "2025.??.??"]
[EventType "blitz"]
[TimeControl "300+2"]

1. d4 Nf6 2. c4 e6 3. Nc3 Bb4 4. a3 Bxc3+ 5. bxc3 c5 6. e3 b6 7. Bd3 Bb7 8. f3 Nc6 9. Ne2 O-O 10. e4 Ne8 11. O-O Ba6 ({RR} 11... Na5 12. f4 f5 13. Ng3 Nd6 14. exf5 exf5 15. dxc5 bxc5 16. Rb1 Qc7 17. Re1 g6 18. Bf1 Rae8 19. Be3 Ndxc4 20. Bf2 Rxe1 21. Qxe1 d6 22. Qd1 Qf7 23. a4 Bc6 24. Ne2 Qd7 25. h4 Bxa4 26. Qd3 {Anton Guijarro,D (2631)-Eljanov,P (2723) Dubai 2014 0-1 (44)}) 12. e5 ({RR} 12. Be3 Nd6 13. dxc5 Nxc4 14. Bxc4 Bxc4 15. Rf2 Qe7 16. Qd6 Qxd6 17. cxd6 Bxe2 18. Rxe2 Rac8 19. f4 Na5 20. Bd4 Rc4 21. Rb2 Nc6 22. Rd2 f6 23. e5 fxe5 24. fxe5 Ra4 25. h3 h5 26. Kh2 Kh7 {Mattenberger,M (2338)-Song,Y (2367) Plzen CZE 2025 0-1 (42)}) 12... Na5 13. f4 $146 ({RR} 13. Qc2 f5 14. exf6 Nxf6 15. Bg5 h6 16. Bf4 Bxc4 17. Bd6 Bxd3 18. Qxd3 c4 19. Qg6 Rf7 20. Rae1 Nd5 21. Ng3 Nb7 22. Be5 Qf8 23. Nh5 Nd8 24. Re4 Nc6 25. Rg4 Nxe5 26. dxe5 Ne3 27. Nf6+ Rxf6 {Kunz,H-Dorawa,B Schkopau 1958 0-1 (59)}) 13... f5 14. d5 {[%emt 0:00:22] E29: Nimzo-Indian: Sämisch: 5...0-0 6 e3 c5 7 Bd3 Nc6.} d6 ({Much worse is} 14... Nxc4 $6 15. Ng3 $14 (15. Qa4 b5 $15)) 15. dxe6 (15. g4 $1 $15) 15... Qe7 {[%emt 0:00:01] Black sacrificed a pawn} 16. g4 {[%emt 0:00:12] [#] Black is better.} g6 17. gxf5 gxf5 18. Ng3 Ng7 19. Re1 Qxe6 $146 (19... Rad8 20. exd6 Rxd6 21. Qf3 Bb7 22. Qf1 Rxe6 23. Bd2 Qd7 24. Rxe6 Qxe6 25. Re1 Qd6 26. Re3 Kh8 {0-1 Iljin,T (2416)-Vaibhav,S (2222) Alushta May-A 2009 (9)}) 20. Bf1 (20. Ra2 $17) 20... Rad8 $19 {[%emt 0:00:16] aiming for ...dxe5.} 21. Qf3 (21. Qd5 $142) 21... Bb7 (21... Bxc4 22. Bg2) (21... Nxc4 22. Qf2 $17) 22. Qf2 dxe5 (22... Nxc4 23. exd6 Qd5 24. Qa2 Nxd6 25. Re5 Qxa2 26. Rxa2) 23. Rxe5 Qc6 24. Be3 Rd6 25. Re7 Rf7 26. Rxb7 Qxb7 ({Resist} 26... Nxb7 27. Bg2 Qd7 28. Bd5) 27. Re1 (27. Bg2 $142 Qd7 28. Bd5) 27... Qd7 28. Qf3 Re7 29. h4 h6 30. h5 Qe8 31. Kf2 Kh8 {[%emt 0:00:08] Black took control after the opening. Weighted Error Value: White=0.30/Black=0.06 (flawless) Mistake: 	White=4 	--- Inaccurate: 	White=2 	--- OK: 	White=3 	Black=9 Best: 	White=1 	Black=1} 0-1